 Dungeon Crawl Stone Soup version 0.29-a0-620-g13ace881f2 (webtiles) character file.

Game seed: 10031717088835075404

1657 Bruhh the Magician (level 8, 0/57 HPs)
             Began as a White Draconian Air Elementalist on June 18, 2022.
             Was a Follower of Vehumet.
             Slain by a sky beast (6 damage)
             ... on level 7 of the Dungeon.
             The game lasted 00:12:44 (8841 turns).

Bruhh the Magician (DrAE)                           Turns: 8841, Time: 00:12:47

Health: 0/57       AC:  6    Str: 11    XL:     8   Next: 68%
Magic:  2/18       EV: 12    Int: 17    God:    Vehumet [*.....]
Gold:   408        SH:  0    Dex: 12    Spells: 14/21 levels left

rFire   . . .      SeeInvis .   c - +0 whip
rCold   + . .      Faith    .   (no shield)
rNeg    . . .      Spirit   .   (body armour unavailable)
rPois   .          Reflect  .   (helmet restricted)
rElec   .          Harm     .   (no cloak)
rCorr   .          Rampage  .   (no gloves)
Will    .....                   (no boots)
Stlth   ++........              (no amulet)
HPRegen 0.19/turn               (no ring)
MPRegen 0.16/turn               (no ring)

@: no status effects
A: breathe frost, AC +6, unfitting armour, cold resistance 1, cold-blooded
a: Breathe Frost, Renounce Religion


You were on level 7 of the Dungeon.
You worshipped Vehumet.
Vehumet was aware of your devotion.
You visited 2 branches of the dungeon, and saw 8 of its levels.

You collected 408 gold pieces.

Inventory:

Hand Weapons
 c - a +0 whip (weapon)
Jewellery
 b - a ring of see invisible
 m - a ring of protection from fire
 o - a +6 ring of dexterity
 s - a +6 ring of strength
 u - a ring of fire
Wands
 a - a wand of iceblast (22)
 w - a wand of flame (11)
 y - a wand of charming (8)
Scrolls
 e - 2 scrolls of amnesia
 g - 2 scrolls of enchant armour {unknown}
 h - a scroll of fear {unknown}
 l - a scroll of immolation {unknown}
 p - a scroll of magic mapping {unknown}
 r - a scroll of acquirement {unknown}
 t - a scroll of noise {unknown}
 x - a scroll of blinking {unknown}
Potions
 d - a potion of attraction {unknown}
 f - a potion of heal wounds {unknown}
 i - a potion of lignification
 k - a potion of cancellation {unknown}
 n - a potion of flight {unknown}
 q - 3 potions of brilliance
 v - a potion of resistance {unknown}
 z - a potion of berserk rage {unknown}
 A - 2 potions of invisibility {unknown}
 B - a potion of mutation {unknown}


   Skills:
 - Level 1.7 Dodging
 - Level 1.7 Stealth
 + Level 7.3 Spellcasting
 + Level 6.9 Conjurations
 - Level 5.0 Air Magic


You had 14 spell levels left.
You knew the following spells:

 Your Spells              Type           Power      Damage    Failure   Level
a - Shock                 Conj/Air       100%       1d9       1%          1
b - Static Discharge      Conj/Air       26%        N/A       1%          2
c - Airstrike             Air            11%        N/A       14%         4

Your spell library contained the following spells:

 Spells                   Type           Power      Damage    Failure   Level
 Freeze                   Ice            24%        1d5       12%         1
 Swiftness                Air            23%        N/A       4%          3
 Dazzling Flash           Conj/Hex       36%        N/A       9%          3
 Iskenderun's Mystic Bla  Conj/Tloc      18%        2d6       26%         4
 Starburst                Conj/Fire      9%         6d5       99%         6


Dungeon Overview and Level Annotations

Branches:
Dungeon (7/15)             Temple (1/1) D:6

Altars:
Ashenzari
Dithmenos
Elyvilon
Fedhas
Gozag
Kikubaaqudgha
Makhleb
Nemelex Xobeh
Okawaru
Qazlal
Ru
Sif Muna
Trog
Uskayaw
Vehumet
Wu Jian
Xom
Zin
The Shining One

Shops:
D:2 (   D:3 :   D:6 (   D:7 *

Annotations:
D:3 3 runed translucent doors, paps's ghost, amateur OpSu
D:4 2 runed translucent doors, Shavain's ghost, amateur DjFE


Innate Abilities, Weirdness & Mutations

You can breathe waves of freezing cold which knock back foes.
Your icy white scales are hard. (AC +6)
You cannot fit into any form of body armour.
Your flesh is cold resistant. (rC+)
You are cold-blooded and may be slowed by cold attacks.


Message History

You miss the sky beast.
The sky beast is almost dead.
The sky beast hits you but does no damage.
The sky beast closely misses you.
Casting: Static Discharge (safe; 1% risk of failure)
Confirm with . or Enter, or press ? or * to list all spells.
Okay, then.
You closely miss the sky beast.
The sky beast is almost dead.
The sky beast hits you.
* * * LOW HITPOINT WARNING * * *
The sky beast shocks you.
* * * LOW HITPOINT WARNING * * *
You feel better. The sky beast hits you.
* * * LOW HITPOINT WARNING * * *
The sky beast shocks you.
* * * LOW HITPOINT WARNING * * *
You feel better. The sky beast barely misses you.
Things that are here:
a +0 short sword; a +0 leather armour The sky beast attacks as you move away!
The sky beast hits you but does no damage.
The sky beast flickers out of sight!
Deactivating autopickup; reactivate with Ctrl-A.
Something hits you.
* * * LOW HITPOINT WARNING * * *
Something shocks you.
* * * LOW HITPOINT WARNING * * *
Casting: Static Discharge (safe; 1% risk of failure)
Confirm with . or Enter, or press ? or * to list all spells.
You can't see any susceptible monsters within range! (Use Z to cast anyway.) Unknown command.
Unknown command.
Casting: Static Discharge (safe; 1% risk of failure)
Confirm with . or Enter, or press ? or * to list all spells.
The air crackles with electrical energy.
Something hits you.
* * * LOW HITPOINT WARNING * * *
Something shocks you.
You die...

#............
...#
#.###..###..#
#.##
#...#....#..#
..#
#.###..###..#
#.
#........Y§..
#..###..#.#..
#..#..))#
#..###){###..##
#.....@........
#....##########
#.### #.


There were no monsters in sight!

Vanquished Creatures
  Duvessa (D:5)
  An orc warrior (D:6)
  An ogre (D:5)
  A centaur (D:5)
  A kobold brigand (D:4)
  A necrophage (D:4)
  5 scorpions
  2 jellies
  3 wights (D:7)
  Dowan (D:5)
  3 hounds (D:5)
  2 orc priests (D:6)
  4 iguanas
  4 orc wizards (D:6)
  10 gnolls (D:5)
  6 adders
  A shadow imp (D:7)
  A dart slug (D:3)
  15 orcs
  10 bats
  2 endoplasms (D:1)
  5 goblins
  4 hobgoblins
  2 quokkas
  4 ball pythons
  A frilled lizard (D:1)
  6 kobolds
  5 rats
102 creatures vanquished.

Notes
Turn   | Place    | Note
-------+----------+-------------------------------------------
     0 | D:1      | Bruhh the Draconian Air Elementalist began the quest for
                  | the Orb.
     0 | D:1      | Reached XP level 1. HP: 14/14 MP: 3/3
   111 | D:1      | Found a faded altar of an unknown god.
   622 | D:1      | Reached XP level 2. HP: 20/20 MP: 2/5
   807 | D:1      | You fall into a shaft and drop 1 floor!
  1207 | D:1      | Reached skill level 3 in Spellcasting
  1753 | D:2      | Found Hadumyptamn's Weapon Boutique.
  2110 | D:2      | Reached XP level 3. HP: 26/26 MP: 4/7
  2320 | D:3      | Found a runed translucent gate.
  2320 | D:3      | Found a runed translucent gate.
  2320 | D:3      | Found a runed translucent gate.
  2323 | D:3      | Noticed a kobold brigand
  2324 | D:3      | Noticed paps's ghost (amateur OpSu)
  2351 | D:3      | Found a sparkling altar of Nemelex Xobeh.
  2510 | D:3      | Found Exulel's Book Shoppe.
  3123 | D:3      | Learned a level 2 spell: Static Discharge
  3313 | D:4      | Found a large runed translucent door.
  3313 | D:4      | Found a large runed translucent door.
  3318 | D:4      | Noticed Shavain's ghost (amateur DjFE)
  3485 | D:4      | Reached XP level 4. HP: 25/33 MP: 1/9
  3621 | D:4      | Noticed a kobold brigand
  3631 | D:4      | Killed a kobold brigand
  3632 | D:4      | Reached XP level 5. HP: 12/38 MP: 0/10
  3907 | D:4      | Reached skill level 4 in Spellcasting
  4389 | D:5      | Entered Level 5 of the Dungeon
  4544 | D:5      | Reached XP level 6. HP: 45/45 MP: 7/12
  4652 | D:5      | Noticed Duvessa
  5105 | D:5      | Noticed Dowan
  5129 | D:6      | Noticed an orc warrior
  5360 | D:5      | Killed Duvessa
  5361 | D:5      | Reached skill level 5 in Spellcasting
  5361 | D:5      | Your scales start taking on an icy white colour.
  5361 | D:5      | Reached XP level 7. HP: 28/50 MP: 10/14
  5361 | D:5      | Gained mutation: Your flesh is cold resistant. (rC+) [White
                  | Draconian growth]
  5369 | D:5      | Killed Dowan
  5370 | D:5      | Reached skill level 5 in Air Magic
  5885 | D:5      | Found a blossoming altar of Fedhas.
  6356 | D:5      | Found a glowing golden altar of the Shining One.
  6474 | D:5      | Identified the +0 ring mail "Qebb" {rCorr Dex+3}
  6533 | D:6      | Found a staircase to the Ecumenical Temple.
  6540 | Temple   | Entered the Ecumenical Temple
  6747 | Temple   | Became a worshipper of Vehumet
  6786 | D:6      | Reached skill level 5 in Conjurations
  7000 | D:6      | Reached skill level 6 in Spellcasting
  7065 | D:6      | Reached XP level 8. HP: 21/57 MP: 4/17
  7640 | D:6      | Found Muomeh's Antique Weapon Boutique.
  7974 | D:7      | Found a sacrificial altar of Ru.
  7998 | D:7      | Reached skill level 7 in Spellcasting
  8294 | D:6      | Learned a level 4 spell: Airstrike
  8508 | D:7      | Found Jojafios's Elemental Accessories.
  8820 | D:7      | Reached * piety under Vehumet
  8820 | D:7      | Offered knowledge of Freeze by Vehumet.
  8841 | D:7      | Slain by a sky beast

Illustrated notes

Levels and vault maps discovered:
D:1:      heliophobic_arrival_ceremonial_halls, layout_basic,
          hellmonk_ecumenical_altar_pennies_from_heaven,
          amcnicky_mini_pool_small
D:2:      layout_loops_corners, serial_shops, shop
D:3:      wad_pebble_path, layout_basic, amcnicky_altar_gilded,
          gammafunk_ghost_nasty_kobolds, serial_shops, nicolae_shop_waterfront
D:4:      layout_gridville, ebering_ghost_disaster_area
D:5:      layout_basic, fedhas_bush_and_centaur_altar,
          nicolae_tso_swordbearing_angel, grunt_decor_arrowhead, uniq_duvessa
D:6:      layout_rooms, temple_fountains, serial_shops,
          nicolae_shop_hallway_plus
D:7:      layout_layer_cave, kennysheep_little_box, kennysheep_cluttered_room,
          minmay_misc_feat_nine_boxes, nicolae_elemental_shop,
          kennysheep_generic_room_15
Temple:   regret_index_temple_generic_petals

Skill      XL: |  1  2  3  4  5  6  7  8 |
---------------+-------------------------+-----
Spellcasting   | 3 4 5 6 7 |  7.3
Conjurations   | 2 3 4 5 6 |  6.9
Air Magic      | 4 5 |  5.0
Dodging        | |  1.7
Stealth        | |  1.7

Action                   |  1- 3 |  4- 6 |  7- 9 || total
-------------------------+-------+-------+-------++-------
Melee: Unarmed           |    12 |       |       ||    12
       Tailslap          |     6 |     4 |     4 ||    14
       Whip              |    14 |    30 |    48 ||    92
 Cast: Shock             |    81 |    66 |   109 ||   256
       Static Discharge  |       |    13 |    25 ||    38
       Airstrike         |       |       |     2 ||     2
  Use: Scroll            |       |     3 |       ||     3
       Potion            |       |     2 |     5 ||     7
Armor: Skin              |    23 |    17 |    38 ||    78
Dodge: Dodged            |    39 |    50 |    33 ||   122

Table legend: (Time is in decaauts)
 A = Elapsed time spent in this place.
 B = Non-inter-level travel time spent in this place.
 C = Inter-level travel time spent in this place.
 D = Time resting spent in this place.
 E = Time spent auto-exploring this place.
 F = Levels seen in this place.
 G = Mean time per level.
                   A        B        C        D        E       F      G
               +--------+--------+--------+--------+--------+-----+--------+
         Total |   8855 |   8583 |    272 |    498 |   7138 |   8 | 1106.9 |
       Dungeon |   8615 |   8374 |    241 |    498 |   6941 |   7 | 1230.7 |
        Temple |    239 |    208 |     31 |      0 |    197 |   1 |  239.0 |
               +--------+--------+--------+--------+--------+-----+--------+

Top non-repeatable levels by time:
     D:5: 1964 daAuts
     D:6: 1506 daAuts
     D:1: 1360 daAuts
     D:4: 1281 daAuts
     D:3: 1019 daAuts
     D:2: 913 daAuts
     D:7: 569 daAuts
  Temple: 239 daAuts
